 Dungeon Crawl Stone Soup version 0.18-a0-1655-ge2d8d33 (console) character file.

1666295 iafm the Wrestler (level 27, 269/269 HPs)
             Began as a Troll Earth Elementalist on Mar 31, 2016.
             Was the Champion of Okawaru.
             Escaped with the Orb
             ... and 3 runes!
             The game lasted 03:44:50 (72658 turns).

iafm the Wrestler (Troll Earth Elementalist)       Turns: 72658, Time: 03:44:50

Health: 269/269    AC: 37    Str: 31    XL:     27
Magic:  45/45      EV: 15    Int: 22    God:    Okawaru [******]
Gold:   2838       SH: 23    Dex: 10    Spells: 10 memorised, 20 levels left

rFire  + . .     SeeInvis +       - Unarmed
rCold  + . .     Gourm    +     t - +10 pearl dragon armour
rNeg   + + .     Faith    .     v - +2 large shield {AC+3}
rPois  +         Spirit   .     C - +0 hat {MR+}
rElec  +         Dismiss  .     e - +2 cloak of Starlight {rElec rC+ EV+4 Stlth--}
rCorr  .         Reflect  .     (gloves unavailable)
SustAt .         Harm     .     (boots unavailable)
MR     +++..                    b - amulet of Soqel {+Rage Str+5 Int+2 Slay+2}
Stlth  ..........               s - ring of Shadows {Umbra +Inv rN+ SInv}
                                p - ring "Cinovvob" {+Fly rPois MP+9 Str+2 Slay+3, =R}

@: very slightly contaminated, wreathed by umbra, repel missiles, extremely
resistant to hostile enchantments, extremely unstealthy
A: unfitting armour, antennae 1, claws 3, slimy green scales 1, fire resistance
1, fast metabolism 3, gourmand, regeneration 2, shaggy fur 1, tough skin 2
a: Heroism, Finesse, Renounce Religion, Evoke Berserk Rage, Evoke Invisibility,
Evoke Flight
0: Orb of Zot
}: 3/15 runes: barnacled, abyssal, gossamer


Innate Abilities, Weirdness & Mutations

You are too large for most types of armour.
You have claws for hands.
Your metabolism is lightning-fast.
You like to eat raw meat.
You heal very quickly.
You are covered in fur (AC +1).
You have very tough skin (AC +2).
You have a pair of small antennae on your head.
You are partially covered in slimy green scales (AC +2).
Your flesh is heat resistant.
You escaped.
You worshipped Okawaru.
Okawaru was exalted by your worship.
You were not hungry.
You visited 10 branches of the dungeon, and saw 51 of its levels.
You visited the Abyss 3 times.
You also visited: Sewer, Volcano and Wizlab.
You collected 8890 gold pieces.
You spent 6052 gold pieces at shops.


   Skills:
 - Level 15.0 Fighting
 - Level 15.0 Throwing
 * Level 13.6 Armour
 - Level 8.0 Dodging
 - Level 2.0 Stealth
 - Level 15.0 Shields
 + Level 22.2 Unarmed Combat
 - Level 10.0 Spellcasting
 + Level 11.3 Charms
 - Level 2.0 Summonings
 - Level 2.0 Necromancy
 - Level 5.0 Translocations
 - Level 1.0 Transmutations
 - Level 5.0 Air Magic
 - Level 3.0 Earth Magic
 - Level 12.0 Invocations
 - Level 12.0 Evocations


You had 20 spell levels left.
You knew the following spells:

 Your Spells              Type           Power        Failure   Level  Hunger
h - Haste                 Chrm           ######..     21%         6    ######.
i - Regeneration          Chrm/Necr      #####.....   1%          3    None
q - Apportation           Tloc           ####......   1%          1    None
x - Sandblast             Erth           ###...       3%          1    None
B - Blink                 Tloc           N/A          1%          2    None
D - Deflect Missiles      Chrm/Air       #####.....   67%         6    ######.
L - Summon Butterflies    Summ           ###.....     6%          1    None
P - Repel Missiles        Chrm/Air       #####.       1%          2    None
S - Swiftness             Chrm/Air       #####...     1%          2    None
W - Passwall              Trmt/Erth      ###.......   10%         2    None

Inventory:

Hand Weapons
 q - a +8 blowgun
Missiles
 d - 25 needles of confusion
 r - 86 large rocks (quivered)
 y - 14 curare-tipped needles {!f}
 M - 17 throwing nets {=f}
 R - 24 javelins of penetration {=f}
Armour
 e - the +2 cloak of Starlight (worn) {rElec rC+ EV+4 Stlth--}
   (Okawaru gifted it to you on level 12 of the Dungeon)

   It affects your evasion (+4).
   It protects you from cold.
   It insulates you from electricity.
   It makes you much less stealthy.
 h - the +4 dragonskin cloak
   (You took it off Tiamat on level 3 of the Realm of Zot)
 t - a +10 pearl dragon armour (worn)
 v - a +2 large shield of protection (worn)
   (You found it in a wizard's laboratory)
 C - a +0 hat of magic resistance (worn)
   (You acquired it on level 4 of the Depths)
Rods
 w - a +3 rod of shadows (13/13) {!a}
   (You took it off a deep elf annihilator on level 3 of the Elven Halls)
Jewellery
 b - the amulet of Soqel (around neck) {+Rage Str+5 Int+2 Slay+2}
   (You took it off a frost giant on level 2 of the Depths)

   [amulet of rage]

   It affects your strength (+5).
   It affects your intelligence (+2).
   It affects your accuracy and damage with ranged weapons and melee attacks
   (+2).
   It lets you go berserk.
 c - the ring "Sivaeshu" {rC+ rN+ Int+4 Dex+4 Stlth+}
   (You found it on level 3 of the Abyss)

   [ring of intelligence]

   It affects your intelligence (+4).
   It affects your dexterity (+4).
   It protects you from cold.
   It protects you from negative energy.
   It makes you more stealthy.
 f - the ring of Ineu {+Fly rF+ rN+}
   (You took it off an ancient champion on level 2 of the Depths)

   [ring of protection from fire]

   It protects you from fire.
   It protects you from negative energy.
   It lets you fly.
 m - an uncursed ring of protection from magic
 p - the ring "Cinovvob" (left claw) {+Fly rPois MP+9 Str+2 Slay+3, =R}
   (You found it on level 2 of the Lair of Beasts)

   [ring of strength]

   It affects your strength (+2).
   It affects your accuracy and damage with ranged weapons and melee attacks
   (+3).
   It protects you from poison.
   It affects your magic capacity (+9).
   It lets you fly.
 s - the ring of Shadows (right claw) {Umbra +Inv rN+ SInv}
   (You took it off Donald on level 13 of the Dungeon)

   [ring of positive energy]

   It protects you from negative energy.
   It lets you see invisible.
   It lets you turn invisible.
Wands
 A - a wand of acid (6/15)
 D - a wand of digging (9/24)
 G - a wand of disintegration (8/24)
 I - a wand of iceblast (6/15)
 J - a wand of disintegration (17/24)
 P - a wand of paralysis (3/24)
 X - a wand of teleportation (2/9)
 Z - a wand of heal wounds (8/9)
Scrolls
 g - 15 scrolls of fog
 F - 7 scrolls of immolation {!r}
 K - 10 scrolls of blinking
 N - 5 scrolls of fear
 Q - 16 scrolls of remove curse {@r9}
 U - a scroll of recharging
 W - 5 scrolls of teleportation
 Y - 3 scrolls of identify {@r0}
Potions
 i - 2 potions of might {@q0}
 k - 7 potions of heal wounds {@q2}
 l - 4 potions of agility {@q9}
 o - 5 potions of haste {@q5}
 x - 12 potions of curing {@q1}
 z - 5 potions of resistance {@q6}
 E - 3 potions of berserk rage
 H - 2 potions of cure mutation
 L - 2 potions of invisibility {@q7}
 O - 7 potions of cancellation
Miscellaneous
 a - a phial of floods
 n - a sack of spiders {used: 10}
 B - a fan of gales
 T - a box of beasts {used: 1}
Comestibles
 u - 30 meat rations {!e}
 S - 26 beef jerkies

Dungeon Overview and Level Annotations

Branches:
Dungeon (15/15)            Temple (1/1) D:6            Lair (8/8) D:11
 Shoals (4/4) Lair:4       Spider (4/4) Lair:6        Slime (0/6) Lair:6
    Orc (2/2) D:10            Elf (3/3) Orc:2        Vaults (4/5) D:13
  Crypt (0/3) Vaults:3     Depths (5/5) D:15            Zot (5/5) Depths:5

Altars:
Ashenzari
Cheibriados
Dithmenos
Elyvilon
Fedhas
Gozag
Kikubaaqudgha
Makhleb
Nemelex Xobeh
Okawaru
Pakellas
Qazlal
Ru
Sif Muna
Trog
Vehumet
Xom
Yredelemnul
Zin
The Shining One
Beogh
Jiyva
Lugonu

Shops:
D:13 *   D:14 =   Orc:2 ??:=*[(*   Elf:1 !   Elf:2 }((}[   Shoals:3 !
Shoals:4 :   Vaults:1 %   Vaults:3 *((   Depths:2 [%%   Depths:4 (

Portals:
Hell: Depths:1 Depths:2 Depths:3 Depths:5
Abyss: Depths:4
Pandemonium: Depths:3
Ziggurat: Depths:3

Annotations:
Elf:2 2 runed doors
Zot:2 exclusion: 3 upstairs
Zot:3 exclusion: 3 upstairs
Zot:4 exclusion: 2 upstairs
Zot:5 exclusion: 3 upstairs


Message History

Moving in this stuff is going to be slow.
You feel yourself slow down.
You hear a grinding noise.
You hear a grinding noise.
You hear a grinding noise.
You hear a grinding noise.
You hear a grinding noise.
You hear a grinding noise.
A cacodemon comes into view.
You hear a grinding noise.
You hear a grinding noise.
You hear a grinding noise.
There is a stone staircase leading up here.
You climb upwards.
There is a stone staircase leading down here.
There is a stone staircase leading up here.
You climb upwards.
There is a stone staircase leading down here.
There is an open door here.
There is a stone staircase leading up here.
You climb upwards.
There is a stone staircase leading down here.
A red devil comes into view. It is wielding a trident.
You block the red devil's attack.
You closely miss the red devil.
The red devil hops backward while attacking.
You block the red devil's attack. You block the red devil's attack.
You mangle the red devil!!
The red devil is almost dead.
You eviscerate the red devil!!!
You kill the red devil!
Okawaru accepts your kill.
No target in view!
You see here a trident.
(D) Dungeon (T) Temple (L) Lair (A) Shoals (N) Spider Nest (M) Slime Pits (O) Orcish Mines (E) Elven Halls (V) Vaults (C) Crypt (U) Depths (H) Hell (Z) Zot
Where to? (* - list waypoints, Enter - D:1 @ (x,y), ? - help)
Things that are here:
a club; a dagger of holy wrath You see here a whip.
You see here 2 stones.
There is a staircase leading out of the dungeon here.
Clearing travel trail.
Evoke which item? (* to show all) (? for menu, Esc to quit)
You open the lid... ...and a mature batfire beast flies out!
You have escaped!

##·########################
#·#>················)··≈≈#
#·#·(············≈≈≈≈≈≈≈≈#
#·#·(····≈≈≈≈≈≈≈≈≈≈≈≈≈≈≈·#
#·#·≈≈≈≈≈≈≈≈≈≈≈≈≈≈≈≈······
#·#≈≈≈≈≈≈≈≈≈≈≈≈≈≈≈·(····)·
#·#≈≈≈≈≈≈···········)·····
#·#≈≈≈≈··H········≈≈≈≈···#
#·##≈≈···@·····(·≈≈≈≈≈≈≈≈#
#·#####·······≈≈≈≈··≈≈≈≈≈# #·#
####≈≈≈≈≈≈≈········# ########·#
≈≈≈≈≈≈≈≈···········
·········#############···········
·········'·······················
·········######·######··######···
########## #········>·······##
#######··######····


You could see a friendly mature batfire beast.

Notes
Turn   | Place    | Note
--------------------------------------------------------------
     0 | D:1      | iafm the Troll Earth Elementalist began the quest for the Orb.
     0 | D:1      | Reached XP level 1. HP: 16/16 MP: 1/1
    24 | D:1      | Reached skill level 1 in Unarmed Combat
   247 | D:1      | Reached XP level 2. HP: 22/24 MP: 2/2
   293 | D:1      | Reached skill level 2 in Unarmed Combat
   797 | D:2      | Reached XP level 3. HP: 25/31 MP: 3/3
   870 | D:2      | Noticed Terence
   916 | D:2      | Killed Terence
   916 | D:2      | Reached skill level 3 in Unarmed Combat
  1108 | D:2      | Found a bloodstained altar of Trog.
  1113 | D:2      | Found a stormy altar of Qazlal.
  1124 | D:2      | Found a white marble altar of Elyvilon.
  1126 | D:2      | Found an opulent altar of Gozag.
  1126 | D:2      | Found a sacrificial altar of Ru.
  1259 | D:2      | Reached XP level 4. HP: 39/39 MP: 4/4
  1674 | D:3      | Reached skill level 4 in Unarmed Combat
  1833 | D:3      | Found a blossoming altar of Fedhas.
  1907 | D:3      | Found a glowing drain.
  1925 | Sewer    | Entered a sewer
  2158 | Sewer    | Reached XP level 5. HP: 43/45 MP: 5/5
  2317 | Sewer    | Reached skill level 5 in Unarmed Combat
  2366 | Sewer    | Reached skill level 6 in Unarmed Combat
  2366 | Sewer    | Reached XP level 6. HP: 31/53 MP: 6/6
  3768 | D:5      | Entered Level 5 of the Dungeon
  3778 | D:5      | Noticed Blork the orc
  3784 | D:5      | Noticed a sky beast
  3818 | D:4      | Killed a sky beast
  3818 | D:4      | Reached skill level 7 in Unarmed Combat
  3818 | D:4      | Reached XP level 7. HP: 32/59 MP: 7/7
  3984 | D:5      | Noticed Sigmund
  4126 | D:5      | Found an ancient bone altar of Kikubaaqudgha.
  4145 | D:5      | Reached skill level 8 in Unarmed Combat
  4232 | D:5      | Found a glowing golden altar of the Shining One.
  4695 | D:5      | Reached skill level 9 in Unarmed Combat
  4743 | D:5      | Reached XP level 8. HP: 43/67 MP: 8/8
  4828 | D:6      | Reached skill level 1 in Fighting
  4828 | D:6      | Reached skill level 1 in Throwing
  5106 | D:6      | Found a staircase to the Ecumenical Temple.
  5112 | Temple   | Entered the Ecumenical Temple
  5422 | D:7      | Reached skill level 2 in Throwing
  5603 | D:7      | Reached skill level 2 in Fighting
  5603 | D:7      | Reached skill level 10 in Unarmed Combat
  5695 | D:7      | Found a stormy altar of Qazlal.
  5957 | D:7      | Found a basalt altar of Yredelemnul.
  6141 | D:8      | Reached skill level 3 in Throwing
  6150 | D:8      | Reached XP level 9. HP: 68/80 MP: 9/9
  6165 | D:8      | Found a radiant altar of Vehumet.
  6335 | D:8      | Reached skill level 3 in Fighting
  6561 | D:8      | Found a glowing silver altar of Zin.
  6700 | D:8      | Reached skill level 11 in Unarmed Combat
  6763 | D:8      | Found an iron altar of Okawaru.
  6777 | D:8      | Became a worshipper of Warmaster Okawaru
  6906 | D:8      | Learned a level 2 spell: Repel Missiles
  7327 | D:8      | Reached skill level 4 in Throwing
  7438 | D:8      | Reached skill level 4 in Fighting
  7707 | D:9      | Reached * piety under Okawaru
  7956 | D:9      | Reached XP level 10. HP: 94/94 MP: 10/10
  8211 | D:9      | Reached skill level 12 in Unarmed Combat
  8221 | D:9      | Found a deep blue altar of Sif Muna.
  8250 | D:9      | Reached ** piety under Okawaru
  8254 | D:9      | Reached skill level 5 in Throwing
  8370 | D:9      | Reached skill level 3 in Earth Magic
  8490 | D:10     | Entered Level 10 of the Dungeon
  8498 | D:10     | Found a sacrificial altar of Ru.
  8509 | D:10     | Found a staircase to the Orcish Mines.
  8733 | D:10     | Reached skill level 2 in Dodging
  8850 | D:10     | Noticed a hill giant
  8883 | D:10     | Killed a hill giant
  8883 | D:10     | Reached *** piety under Okawaru
  8883 | D:10     | Reached skill level 5 in Fighting
  8937 | D:10     | Noticed a hill giant
  8995 | D:10     | Killed a hill giant
  8995 | D:10     | Reached skill level 2 in Stealth
  8995 | D:10     | Reached skill level 2 in Spellcasting
  9366 | D:11     | Noticed a griffon
  9449 | D:11     | Reached **** piety under Okawaru
  9462 | D:11     | Reached skill level 3 in Dodging
  9464 | D:11     | Reached skill level 6 in Throwing
  9663 | D:11     | Reached XP level 11. HP: 104/104 MP: 13/13
  9868 | D:11     | Noticed a fire dragon
  9877 | D:11     | Killed a fire dragon
  9966 | D:11     | Found a frozen archway.
 10138 | D:11     | Reached skill level 6 in Fighting
 10395 | D:11     | Found a staircase to the Lair.
 10470 | D:11     | Gained mutation: You have a pair of small antennae on your head. [potion of mutation]
 10470 | D:11     | Gained mutation: Scrolls take you a little longer to read. [potion of mutation]
 10470 | D:11     | Gained mutation: Your flesh is heat resistant. [potion of mutation]
 10471 | D:11     | Gained mutation: You are partially covered in slimy green scales (AC +2). [potion of mutation]
 10471 | D:11     | Gained mutation: Your muscles are strong. (Str +2) [potion of mutation]
 10471 | D:11     | Gained mutation: Your flesh is cold resistant. [potion of mutation]
 10499 | D:11     | Received a gift from Okawaru
 10778 | D:11     | Lost mutation: Scrolls take you a little longer to read. [mutagenic meat]
 10814 | D:10     | Killed a griffon
 10814 | D:10     | Reached skill level 4 in Dodging
 11117 | Lair:1   | Entered Level 1 of the Lair of Beasts
 11155 | Lair:1   | Reached ***** piety under Okawaru
 11246 | Lair:1   | Reached skill level 7 in Throwing
 11295 | Lair:1   | Reached skill level 13 in Unarmed Combat
 11310 | Lair:1   | Received a gift from Okawaru
 11789 | Lair:2   | Reached skill level 1 in Invocations
 11797 | Lair:2   | Reached skill level 1 in Shields
 12024 | Lair:2   | Reached skill level 2 in Shields
 12117 | Lair:2   | Got a twitching jade ring
 12119 | Lair:2   | Identified the ring "Cinovvob" {+Fly rPois MP+9 Str+2 Slay+3} (You found it on level 2 of the Lair of Beasts)
 12182 | Lair:2   | Reached skill level 2 in Invocations
 12572 | Lair:3   | Reached skill level 7 in Fighting
 12572 | Lair:3   | Reached XP level 12. HP: 85/118 MP: 14/14
 12633 | Lair:3   | Reached skill level 3 in Shields
 12732 | Lair:3   | Received a gift from Okawaru
 12952 | Lair:3   | Noticed iafm's ghost (journeyman HECK)
 12968 | Lair:3   | Killed iafm's ghost
 13095 | Lair:3   | Reached ****** piety under Okawaru
 13095 | Lair:3   | Received a gift from Okawaru
 13096 | Lair:3   | Got a brightly glowing longbow {god gift}
 13097 | Lair:3   | Identified the +0 longbow "Isacibo" {freeze, rPois MR+ MP-9} (Okawaru gifted it to you on level 3 of the Lair of Beasts)
 13203 | Lair:3   | Reached skill level 4 in Shields
 13203 | Lair:3   | Reached skill level 3 in Invocations
 13367 | Lair:3   | Noticed a six-headed hydra
 13373 | Lair:3   | Killed a six-headed hydra
 13587 | Lair:4   | Reached skill level 8 in Throwing
 13716 | Lair:4   | Found a staircase to the Shoals.
 13740 | Lair:4   | Received a gift from Okawaru
 13741 | Lair:4   | Got a fine halberd {god gift}
 13856 | Lair:4   | Reached skill level 5 in Shields
 13976 | Lair:4   | Noticed Snorg
 13988 | Lair:4   | Killed Snorg
 14067 | Lair:4   | Reached skill level 4 in Invocations
 14200 | Lair:4   | Noticed Urug
 14210 | Lair:4   | Killed Urug
 14210 | Lair:4   | Received a gift from Okawaru
 14211 | Lair:4   | Got an ivory short sword {god gift}
 14688 | Lair:5   | Reached skill level 8 in Fighting
 14688 | Lair:5   | Reached XP level 13. HP: 96/127 MP: 15/15
 14737 | Lair:4   | Reached skill level 6 in Shields
 14859 | Lair:5   | Noticed Kirke
 14872 | Lair:5   | Killed Kirke
 14988 | Lair:5   | Received a gift from Okawaru
 14988 | Lair:5   | Reached skill level 5 in Invocations
 15216 | Lair:5   | Reached skill level 14 in Unarmed Combat
 15349 | Lair:5   | Reached skill level 9 in Throwing
 15383 | Lair:5   | Reached skill level 7 in Shields
 15430 | Lair:5   | Received a gift from Okawaru
 16156 | Lair:6   | Noticed vogonpoet's ghost (journeyman HOGl)
 16365 | Lair:6   | Found a blossoming altar of Fedhas.
 16377 | Lair:6   | Reached skill level 6 in Invocations
 16391 | Lair:6   | Reached skill level 8 in Shields
 16557 | Lair:6   | Received a gift from Okawaru
 17478 | Lair:8   | Entered Level 8 of the Lair of Beasts
 17529 | Lair:7   | Reached skill level 10 in Throwing
 17529 | Lair:7   | Reached XP level 14. HP: 122/136 MP: 18/18
 17564 | Lair:8   | Reached skill level 9 in Shields
 17593 | Lair:8   | Gained mutation: Your flesh is very cold resistant. [potion of beneficial mutation]
 17603 | Lair:8   | Reached skill level 7 in Invocations
 17978 | Lair:8   | Received a gift from Okawaru
 17979 | Lair:8   | Got a faintly glowing dire flail {god gift}
 18143 | Lair:8   | Reached skill level 10 in Shields
 18496 | Lair:8   | Found a runed door.
 19009 | Lair:8   | Reached skill level 11 in Shields
 19064 | Lair:8   | Received a gift from Okawaru
 19894 | D:5      | Killed Blork the orc
 19918 | D:5      | Killed Sigmund
 20027 | Orc:1    | Entered Level 1 of the Orcish Mines
 20148 | Orc:1    | Reached skill level 12 in Shields
 20149 | Orc:1    | Found a dark tunnel.
 20155 | Volcano  | Entered a volcano
 20197 | Volcano  | Found a burning altar of Makhleb.
 20877 | Orc:2    | Entered Level 2 of the Orcish Mines
 20980 | Orc:2    | Found Fiwkeirph's Antique Armour Shop.
 21101 | Orc:2    | Found Jeyqyo's Antique Weapon Boutique.
 21428 | Orc:2    | Received a gift from Okawaru
 21428 | Orc:2    | Reached XP level 15. HP: 127/143 MP: 19/19
 21508 | Orc:2    | Received a gift from Okawaru
 21673 | Orc:2    | Found Wyrugasi's General Store.
 21675 | Orc:2    | Found a staircase to the Elven Halls.
 21682 | Orc:2    | Reached skill level 13 in Shields
 21692 | Orc:2    | Found a roughly hewn altar of Beogh.
 21769 | Orc:2    | Found Ybidief's Jewellery Boutique.
 21769 | Orc:2    | Found Desianat's Book Shoppe.
 21770 | Orc:2    | Found Gapsoz's Magic Scroll Shoppe.
 21770 | Orc:2    | Found Teumn's Magic Scroll Shop.
 21841 | Orc:2    | Bought a scroll of identify for 28 gold pieces
 21841 | Orc:2    | Bought a scroll of identify for 28 gold pieces
 21841 | Orc:2    | Bought a scroll of fear for 49 gold pieces
 21868 | Orc:2    | Bought a scroll of identify for 32 gold pieces
 21868 | Orc:2    | Bought a scroll of identify for 32 gold pieces
 21868 | Orc:2    | Bought a scroll of identify for 32 gold pieces
 22176 | Orc:2    | Found Cohetiq's General Store.
 22319 | Orc:2    | Bought a potion of agility for 52 gold pieces
 22319 | Orc:2    | Bought 2 potions of ambrosia for 208 gold pieces
 22319 | Orc:2    | Bought a potion of heal wounds for 65 gold pieces
 22339 | Orc:2    | Bought a scroll of vulnerability for 120 gold pieces
 22344 | Orc:2    | Bought an uncursed ring of protection from magic for 400 gold pieces
 22345 | Orc:2    | Bought a scroll of silence for 105 gold pieces
 22345 | Orc:2    | Bought a scroll of recharging for 133 gold pieces
 22345 | Orc:2    | Bought a scroll of recharging for 133 gold pieces
 22345 | Orc:2    | Bought a scroll of recharging for 133 gold pieces
 22365 | Orc:2    | Bought a scroll of magic mapping for 45 gold pieces
 22527 | D:12     | Noticed Psyche
 22546 | D:12     | Killed Psyche
 22790 | D:12     | Received a gift from Okawaru
 23687 | D:13     | Found a gate to the Vaults.
 23687 | D:13     | Noticed Donald
 23878 | D:13     | Reached skill level 14 in Shields
 24003 | D:13     | Noticed Sonja
 24011 | D:13     | Killed Sonja
 24083 | D:13     | Killed Donald
 24196 | D:13     | Found Cyshrei's General Store.
 24200 | D:13     | Bought 2 potions of resistance for 280 gold pieces
 24200 | D:13     | Bought 3 scrolls of identify for 84 gold pieces
 25075 | D:14     | Received a gift from Okawaru
 25419 | D:14     | Found Ruuxzyme's Jewellery Shop.
 25734 | D:15     | Entered Level 15 of the Dungeon
 25826 | D:15     | Reached skill level 1 in Evocations
 25882 | D:15     | Found a staircase to the Depths.
 25966 | D:15     | Reached skill level 2 in Evocations
 25966 | D:15     | Reached XP level 16. HP: 152/152 MP: 20/20
 26119 | D:15     | Received a gift from Okawaru
 26210 | D:15     | Reached skill level 15 in Unarmed Combat
 26241 | D:15     | Received a gift from Okawaru
 26380 | D:15     | Reached skill level 3 in Evocations
 27500 | Orc:2    | Bought a wand of paralysis (14/24) for 208 gold pieces
 27508 | Elf:1    | Entered Level 1 of the Elven Halls
 27538 | Elf:1    | Reached skill level 4 in Evocations
 27672 | Elf:1    | Received a gift from Okawaru
 27791 | Elf:1    | Reached skill level 15 in Shields
 27816 | Elf:1    | Reached skill level 5 in Evocations
 28100 | Elf:1    | Reached skill level 6 in Evocations
 28178 | Elf:1    | Found Biuno's Distillery.
 28700 | Elf:2    | Found Xuyn's Antique Weapon Emporium.
 28737 | Elf:2    | Received a gift from Okawaru
 28831 | Elf:2    | Found Ruwnelepru's Gadget Emporium.
 28834 | Elf:2    | Noticed Saint Roka
 28836 | Elf:2    | Found a magical portal.
 28842 | WizLab   | Entered Doroklohe's Tomb
 29085 | WizLab   | Noticed an ancient lich
 29409 | WizLab   | Noticed an Executioner
 29409 | WizLab   | Killed an ancient lich
 29409 | WizLab   | Reached skill level 7 in Evocations
 29656 | WizLab   | Reached XP level 17. HP: 158/158 MP: 21/21
 29932 | Elf:2    | Found Obloept's Antique Weapon Shoppe.
 29999 | Elf:1    | Reached skill level 16 in Unarmed Combat
 30199 | Elf:1    | Killed Saint Roka
 30263 | Elf:2    | Reached skill level 8 in Evocations
 30283 | Elf:2    | Received a gift from Okawaru
 30284 | Elf:2    | Got a crude large shield {god gift}
 30295 | Elf:2    | Identified the +5 large shield "Goipuisi" {Str+4} (Okawaru gifted it to you on level 2 of the Elven Halls)
 30406 | Elf:2    | Found a runed door.
 30576 | Elf:2    | Found a runed door.
 30615 | Elf:2    | Found Doroeniyll's Armour Boutique.
 30652 | Elf:2    | Found Ecwaph's Gadget Shop.
 30905 | Elf:3    | Entered Level 3 of the Elven Halls
 31186 | D:11     | Learned a level 2 spell: Passwall
 31188 | D:11     | Learned a level 1 spell: Apportation
 31191 | D:11     | Learned a level 2 spell: Swiftness
 31193 | D:11     | Learned a level 1 spell: Summon Butterflies
 31817 | Lair:6   | Noticed Nessos
 31832 | Lair:6   | Killed Nessos
 31964 | Lair:6   | Reached skill level 9 in Evocations
 32181 | Lair:6   | Found a hole to the Spider Nest.
 32218 | Lair:6   | Killed vogonpoet's ghost
 32289 | Lair:6   | Found a viscous altar of Jiyva.
 32289 | Lair:6   | Found a staircase to the Slime Pits.
 32722 | Spider:1 | Entered Level 1 of the Spider Nest
 33822 | Spider:1 | Received a gift from Okawaru
 33908 | Spider:2 | Noticed Jorgrun
 34080 | Spider:2 | Killed Jorgrun
 34080 | Spider:2 | Reached skill level 10 in Evocations
 34837 | Orc:2    | Bought a manual of Throwing for 1435 gold pieces
 35430 | Spider:3 | Received a gift from Okawaru
 35734 | Spider:3 | Learned a level 3 spell: Regeneration
 35996 | Spider:4 | Entered Level 4 of the Spider Nest
 36015 | Spider:3 | Reached skill level 17 in Unarmed Combat
 36037 | Spider:3 | Received a gift from Okawaru
 36219 | Spider:4 | Reached XP level 18. HP: 90/169 MP: 24/24
 36460 | Spider:4 | Received a gift from Okawaru
 36563 | Spider:4 | Received a gift from Okawaru
 36582 | Spider:4 | Got a bloodstained swamp dragon armour {god gift}
 36665 | Spider:3 | Identified the +1 swamp dragon armour "Netorus" {rPois Str+6} (Okawaru gifted it to you on level 4 of the Spider Nest)
 37059 | Spider:4 | Reached skill level 11 in Throwing
 37264 | Spider:4 | Reached skill level 9 in Fighting
 37360 | Spider:4 | Got a gossamer rune of Zot
 37774 | Shoals:1 | Entered Level 1 of the Shoals
 37824 | Shoals:1 | Received a gift from Okawaru
 37836 | Shoals:1 | Got a sheer robe {god gift}
 37848 | Shoals:1 | Identified the +2 robe of the Cicada {*Confuse rPois MR- Dex+7} (Okawaru gifted it to you on level 1 of the Shoals)
 38580 | Shoals:2 | Reached skill level 12 in Throwing
 38580 | Shoals:2 | Reached skill level 1 in Armour
 38606 | Shoals:2 | Noticed Nikola
 38634 | Shoals:2 | Killed Nikola
 38634 | Shoals:2 | Reached skill level 11 in Evocations
 38835 | Shoals:2 | Reached skill level 2 in Armour
 39467 | Shoals:2 | Received a gift from Okawaru
 40006 | Shoals:3 | Found Pubag's Distillery.
 40225 | Shoals:4 | Entered Level 4 of the Shoals
 40225 | Shoals:4 | Found Eruran's Book Boutique.
 40225 | Shoals:4 | Noticed Polyphemus
 40237 | Shoals:3 | Reached skill level 3 in Armour
 40445 | Shoals:3 | Killed Polyphemus
 40445 | Shoals:3 | Reached XP level 19. HP: 107/182 MP: 26/26
 40854 | Shoals:4 | Reached skill level 10 in Fighting
 40929 | Shoals:4 | Noticed Ilsuiw
 41293 | Shoals:4 | Killed Ilsuiw
 41400 | Shoals:4 | Reached skill level 4 in Armour
 41439 | Shoals:4 | Reached skill level 13 in Throwing
 41520 | Shoals:4 | Received a gift from Okawaru
 41886 | Shoals:4 | Received a gift from Okawaru
 41892 | Shoals:4 | Reached skill level 18 in Unarmed Combat
 42019 | Shoals:4 | Received a gift from Okawaru
 42102 | Shoals:4 | Got a bloodstained shield
 42103 | Shoals:4 | Identified the cursed -9 shield of the Gloaming {Dex-4 Slay+3 SInv} (You took it off a merfolk on level 4 of the Shoals)
 42229 | Shoals:4 | Got a barnacled rune of Zot
 43055 | Vaults:1 | Entered Level 1 of the Vaults
 43169 | Vaults:1 | Reached skill level 14 in Throwing
 43330 | Vaults:1 | Cast into level 2 of the Abyss (an ogre mage)
 43583 | Abyss:3  | Got a heavily runed lead ring
 43584 | Abyss:3  | Identified the ring "Sivaeshu" {rC+ rN+ Int+4 Dex+4 Stlth+} (You found it on level 3 of the Abyss)
 44032 | Vaults:1 | Escaped the Abyss
 44046 | Vaults:1 | Received a gift from Okawaru
 44067 | Vaults:1 | Got a faintly humming robe {god gift}
 44068 | Vaults:1 | Identified the +2 robe "Xatoati" {rPois} (Okawaru gifted it to you on level 1 of the Vaults)
 44409 | Vaults:1 | Reached skill level 12 in Evocations
 44532 | Vaults:1 | Found a portal to a secret trove of treasure.
 44838 | Vaults:1 | Reached skill level 11 in Fighting
 44921 | Vaults:1 | Reached XP level 20. HP: 178/195 MP: 28/28
 45189 | Vaults:1 | Found Raiv's Food Boutique.
 45394 | Vaults:2 | Noticed Frederick
 45416 | Vaults:2 | Killed Frederick
 45979 | Vaults:2 | Received a gift from Okawaru
 45980 | Vaults:2 | Got a translucent eveningstar {god gift}
 45983 | Vaults:2 | Identified the +5 eveningstar of Imminent Death {crush, rN+++ Int-5 Dex+7} (Okawaru gifted it to you on level 2 of the Vaults)
 46284 | Vaults:2 | Reached skill level 15 in Throwing
 46332 | Vaults:2 | Reached skill level 19 in Unarmed Combat
 46365 | Vaults:2 | Found a burning altar of Makhleb.
 46481 | Vaults:2 | Received a gift from Okawaru
 46497 | Vaults:2 | Reached skill level 12 in Fighting
 46854 | Vaults:2 | Received a gift from Okawaru
 47718 | Orc:2    | Bought a scroll of recharging for 152 gold pieces
 47718 | Orc:2    | Bought a scroll of fear for 56 gold pieces
 47719 | Orc:2    | Bought a scroll of blinking for 105 gold pieces
 47719 | Orc:2    | Bought a scroll of blinking for 105 gold pieces
 48344 | Vaults:2 | Found a burning altar of Makhleb.
 48557 | Vaults:3 | Found Vuyvivos's General Store.
 48563 | Vaults:3 | Bought a potion of heal wounds for 70 gold pieces
 48563 | Vaults:3 | Bought a scroll of identify for 28 gold pieces
 48563 | Vaults:3 | Bought a scroll of identify for 28 gold pieces
 48746 | Vaults:3 | Received a gift from Okawaru
 48747 | Vaults:3 | Got a steaming robe {god gift}
 48748 | Vaults:3 | Identified the +1 robe "Xeggilam" {Str+6} (Okawaru gifted it to you on level 3 of the Vaults)
 48768 | Vaults:3 | Learned a level 2 spell: Blink
 48938 | Vaults:3 | Found a staircase to the Crypt.
 49048 | Vaults:3 | Reached skill level 1 in Air Magic
 49055 | Vaults:3 | Reached skill level 1 in Necromancy
 49175 | Vaults:3 | Found Plog's Antique Weapon Emporium.
 49187 | Vaults:3 | Reached XP level 21. HP: 195/208 MP: 29/29
 49232 | Vaults:3 | Reached skill level 1 in Charms
 49564 | Vaults:3 | Reached skill level 1 in Translocations
 49641 | Vaults:3 | Found Sustra's Antique Weapon Boutique.
 50308 | Vaults:4 | Paralysed by an ogre mage for 7 turns
 50316 | Vaults:4 | Reached skill level 1 in Summonings
 50316 | Vaults:4 | Reached skill level 2 in Necromancy
 50432 | Vaults:4 | Reached skill level 2 in Air Magic
 50536 | Vaults:4 | Received a gift from Okawaru
 50713 | Vaults:4 | Reached skill level 2 in Translocations
 50728 | Vaults:4 | Reached skill level 2 in Charms
 51075 | Vaults:4 | Reached skill level 2 in Summonings
 51161 | Vaults:4 | Received a gift from Okawaru
 51258 | Vaults:4 | Reached skill level 3 in Spellcasting
 51514 | Vaults:4 | Reached skill level 13 in Fighting
 51514 | Vaults:4 | Reached skill level 3 in Translocations
 51778 | Vaults:4 | Reached skill level 3 in Air Magic
 52087 | Orc:2    | Bought a scroll of enchant armour for 105 gold pieces
 52089 | Orc:2    | Bought a scroll of enchant armour for 120 gold pieces
 52914 | Elf:3    | Reached skill level 3 in Charms
 54130 | Elf:3    | Received a gift from Okawaru
 54165 | Elf:3    | Reached skill level 20 in Unarmed Combat
 54262 | Elf:3    | Received a gift from Okawaru
 54280 | Elf:3    | Reached skill level 4 in Spellcasting
 54375 | Elf:3    | Received a gift from Okawaru
 54429 | Elf:3    | Reached XP level 22. HP: 219/219 MP: 30/30
 54474 | Elf:3    | Got a faintly humming quicksilver dragon armour
 54475 | Elf:3    | Identified the quicksilver dragon armour of Guodoll {MR+ Slay+2} (You took it off a deep elf high priest on level 3 of the Elven Halls)
 54522 | Elf:3    | Reached skill level 4 in Charms
 54560 | Elf:3    | Received a gift from Okawaru
 54605 | Elf:3    | Reached skill level 8 in Invocations
 54977 | Elf:3    | Received a gift from Okawaru
 54987 | Elf:3    | Got a scintillating platinum ring
 55046 | Elf:3    | Received a gift from Okawaru
 55172 | Elf:3    | Learned a level 6 spell: Haste
 55179 | Elf:3    | Learned a level 6 spell: Deflect Missiles
 55180 | Elf:3    | Got a dazzling shield {god gift}
 55181 | Elf:3    | Identified the +5 shield of Roreawov {Int+2 Dex+4 SInv} (Okawaru gifted it to you on level 3 of the Elven Halls)
 55235 | Elf:3    | Got a shimmering steel amulet
 55236 | Elf:3    | Identified the amulet of Tosy {Reflect rElec SH+5} (You took it off a deep elf mage on level 3 of the Elven Halls)
 55238 | Elf:3    | Identified the ring of Desertification {Wiz rElec Int+3} (You took it off a deep elf death mage on level 3 of the Elven Halls)
 56527 | D:11     | Identified a +3 rod of ignition (10/10) {!a} (You took it off a deep elf high priest on level 3 of the Elven Halls)
 56529 | D:11     | Identified a +3 rod of shadows (13/13) {!a} (You took it off a deep elf annihilator on level 3 of the Elven Halls)
 56594 | Depths:1 | Entered Level 1 of the Depths
 56665 | Depths:1 | Reached skill level 1 in Transmutations
 56671 | Depths:1 | Reached skill level 5 in Charms
 56815 | Depths:1 | Reached skill level 5 in Spellcasting
 56929 | Depths:1 | Reached skill level 9 in Invocations
 57186 | Depths:1 | Found a gateway to Hell.
 57606 | Depths:2 | Received a gift from Okawaru
 57607 | Depths:2 | Got a bloodstained steam dragon armour {god gift}
 57622 | Depths:1 | Identified the +1 steam dragon armour of Dishonesty {+Inv Dex+4} (Okawaru gifted it to you on level 2 of the Depths)
 57651 | Depths:2 | Noticed Sojobo
 57702 | Depths:1 | Killed Sojobo
 57702 | Depths:1 | Reached skill level 14 in Fighting
 57778 | Depths:2 | Paralysed by a giant eyeball for 2 turns
 57823 | Depths:2 | Reached skill level 6 in Charms
 57908 | Depths:2 | Got a slimy pewter ring
 57912 | Depths:2 | Identified the ring of Polytheism {+Fly rElec rN+++ Dex-2 SInv} (You found it on level 2 of the Depths)
 58112 | Depths:2 | Found Horeawn's Antique Armour Shop.
 58244 | Depths:2 | Paralysed by a giant eyeball for 3 turns
 58284 | Depths:2 | Reached skill level 6 in Spellcasting
 58431 | Depths:2 | Found Baat's Food Shop.
 58443 | Depths:2 | Reached skill level 10 in Invocations
 58443 | Depths:2 | Reached XP level 23. HP: 231/231 MP: 31/31
 58787 | Depths:2 | Got a brightly glowing tin ring
 58789 | Depths:2 | Identified the cursed ring "Elief" {rPois MR- Str-3 Dex+4} (You found it on level 2 of the Depths)
 58812 | Depths:2 | Received a gift from Okawaru
 58849 | Depths:2 | Noticed Margery
 58872 | Depths:2 | Killed Margery
 59022 | Depths:2 | Got a vibrating silver amulet
 59029 | Depths:2 | Identified the amulet of Soqel {+Rage Str+5 Int+2 Slay+2} (You took it off a frost giant on level 2 of the Depths)
 59182 | Depths:2 | Received a gift from Okawaru
 59198 | Depths:2 | Got a steaming golden ring
 59200 | Depths:2 | Identified the ring of Ineu {+Fly rF+ rN+} (You took it off an ancient champion on level 2 of the Depths)
 59418 | Depths:2 | Found Runkygry's Food Boutique.
 59528 | Depths:3 | Noticed Mara
 59529 | Depths:3 | Noticed iafm's illusion
 59580 | Depths:3 | Killed Mara
 59580 | Depths:3 | Reached skill level 7 in Charms
 59668 | Depths:3 | Found a one-way gate leading to the halls of Pandemonium.
 60503 | Depths:3 | Found a gateway to a ziggurat.
 60619 | Depths:3 | Noticed Aizul
 60628 | Depths:3 | Killed Aizul
 60706 | Depths:3 | Reached skill level 11 in Invocations
 60975 | Depths:4 | Found Jogutoa's Weapon Boutique.
 60987 | Depths:4 | Reached skill level 7 in Spellcasting
 60989 | Depths:4 | Received a gift from Okawaru
 61114 | Depths:4 | Found a one-way gate to the infinite horrors of the Abyss.
 61155 | Depths:4 | Reached skill level 4 in Air Magic
 61201 | Depths:4 | Noticed Mennas
 61225 | Depths:4 | Killed Mennas
 61502 | Depths:4 | Received a gift from Okawaru
 61502 | Depths:4 | Reached skill level 15 in Fighting
 61524 | Depths:4 | Noticed a caustic shrike
 61525 | Depths:4 | Noticed a caustic shrike
 61793 | Depths:4 | Reached XP level 24. HP: 244/244 MP: 32/32
 61800 | Depths:4 | Reached skill level 8 in Charms
 61881 | Depths:4 | Identified 2 scrolls of acquirement
 62403 | Depths:4 | Received a gift from Okawaru
 62645 | Depths:4 | Reached skill level 5 in Air Magic
 62867 | Depths:4 | Identified a +4 rod of shadows (9/9) {!a} (You took it off a vampire mage on level 4 of the Depths)
 62952 | Depths:4 | Received a gift from Okawaru
 62958 | Depths:4 | Reached skill level 4 in Translocations
 62969 | Depths:4 | Noticed a juggernaut
 62985 | Depths:4 | Killed a juggernaut
 62985 | Depths:4 | Reached skill level 5 in Dodging
 62985 | Depths:4 | Reached skill level 12 in Invocations
 63001 | Depths:4 | Reached skill level 5 in Armour
 63096 | Depths:4 | Got a dull robe {god gift}
 63098 | Depths:4 | Identified the +2 robe of Ocko {rF+ Str-4 Stlth+} (Okawaru gifted it to you on level 4 of the Depths)
 63594 | Depths:4 | Noticed a juggernaut
 63611 | Depths:4 | Killed a juggernaut
 64660 | Depths:4 | Reached skill level 6 in Dodging
 64689 | Depths:5 | Entered Level 5 of the Depths
 64736 | Depths:5 | Found a shattered altar of Ashenzari.
 64761 | Depths:5 | Reached skill level 8 in Spellcasting
 64770 | Depths:5 | Noticed Xtahua
 64777 | Depths:5 | Killed Xtahua
 64834 | Depths:5 | Noticed the Enchantress
 64878 | Depths:5 | Cast into level 3 of the Abyss (the Enchantress)
 64878 | Abyss:3  | Found a corrupted altar of Lugonu.
 64879 | Abyss:3  | Found an ancient bone altar of Kikubaaqudgha.
 64908 | Abyss:3  | Found a corrupted altar of Lugonu.
 64918 | Abyss:3  | Reached skill level 6 in Armour
 64985 | Abyss:3  | Found an opulent altar of Gozag.
 65126 | Abyss:3  | Found a corrupted altar of Lugonu.
 65167 | Depths:5 | Escaped the Abyss
 65492 | Depths:5 | Reached XP level 25. HP: 224/252 MP: 34/34
 65516 | Depths:5 | Reached skill level 5 in Translocations
 65744 | Depths:5 | Cast into level 3 of the Abyss (the Enchantress)
 65821 | Abyss:3  | Received a gift from Okawaru
 65846 | Abyss:3  | Reached skill level 9 in Charms
 65867 | Abyss:3  | Reached skill level 7 in Armour
 65949 | Abyss:3  | Reached skill level 7 in Dodging
 66014 | Abyss:3  | Found a corrupted altar of Lugonu.
 66692 | Abyss:5  | Entered Level 5 of the Abyss
 66694 | Abyss:5  | Got an abyssal rune of Zot
 66778 | Abyss:5  | Reached skill level 8 in Armour
 66930 | Depths:5 | Escaped the Abyss
 66971 | Depths:5 | Killed the Enchantress
 66999 | Depths:5 | Got a faerie dragon armour
 67000 | Depths:5 | Identified the +8 faerie dragon armour {rC++ MR+ Dex-4} (You took it off the Enchantress on level 5 of the Depths)
 67127 | Depths:5 | Found a gate to the Realm of Zot.
 67154 | Depths:5 | Reached skill level 21 in Unarmed Combat
 67995 | Orc:2    | Bought a scroll of teleportation for 42 gold pieces
 67995 | Orc:2    | Bought a scroll of fog for 28 gold pieces
 67996 | Orc:2    | Bought a scroll of teleportation for 48 gold pieces
 67996 | Orc:2    | Bought a scroll of fog for 32 gold pieces
 68017 | Orc:2    | Bought a potion of curing for 39 gold pieces
 68125 | Elf:1    | Bought a potion of resistance for 160 gold pieces
 68125 | Elf:1    | Bought a potion of curing for 48 gold pieces
 68125 | Elf:1    | Bought a potion of heal wounds for 80 gold pieces
 68125 | Elf:1    | Bought a potion of cancellation for 128 gold pieces
 68125 | Elf:1    | Bought a potion of heal wounds for 80 gold pieces
 68125 | Elf:1    | Bought a potion of curing for 48 gold pieces
 68501 | Shoals:3 | Bought a potion of heal wounds for 85 gold pieces
 68501 | Shoals:3 | Bought a potion of agility for 68 gold pieces
 68501 | Shoals:3 | Bought a potion of cancellation for 136 gold pieces
 68501 | Shoals:3 | Bought a potion of resistance for 170 gold pieces
 68501 | Shoals:3 | Bought a potion of heal wounds for 85 gold pieces
 68501 | Shoals:3 | Bought a potion of agility for 68 gold pieces
 68741 | D:13     | Bought a potion of might for 56 gold pieces
 68741 | D:13     | Bought a box of beasts for 280 gold pieces
 68904 | Zot:1    | Entered Level 1 of the Realm of Zot
 69139 | Zot:2    | Reached skill level 9 in Armour
 69315 | Zot:2    | Received a gift from Okawaru
 69327 | Zot:2    | Reached skill level 8 in Dodging
 69403 | Zot:2    | Gained mutation: You are robust (+10% HP). [potion of beneficial mutation]
 69459 | Zot:3    | Noticed Tiamat
 69492 | Zot:3    | Killed Tiamat
 69505 | Zot:3    | Received a gift from Okawaru
 69548 | Zot:3    | Reached skill level 9 in Spellcasting
 69710 | Zot:5    | Entered Level 5 of the Realm of Zot
 69719 | Zot:5    | Received a gift from Okawaru
 69719 | Zot:5    | Reached skill level 10 in Armour
 69719 | Zot:5    | Reached XP level 26. HP: 271/287 MP: 35/35
 69720 | Zot:5    | Got a tattered robe {god gift}
 69721 | Zot:5    | Identified the +1 robe of Weok {-Cast rF- rN+++ Dex+9} (Okawaru gifted it to you on level 5 of the Realm of Zot)
 70101 | Zot:5    | Noticed an ancient lich
 70109 | Zot:5    | Killed an ancient lich
 70112 | Zot:5    | Noticed an ancient lich
 70129 | Zot:5    | Killed an ancient lich
 70129 | Zot:5    | Reached skill level 10 in Charms
 70210 | Zot:5    | Noticed an ancient lich
 70222 | Zot:5    | Killed an ancient lich
 70395 | Zot:5    | Noticed an orb of fire
 70404 | Zot:5    | Killed an orb of fire
 70404 | Zot:5    | Reached skill level 11 in Armour
 70457 | Zot:5    | Noticed an ancient lich
 70479 | Zot:5    | Killed an ancient lich
 70488 | Zot:5    | Noticed an orb of fire
 70494 | Zot:5    | Gained mutation: You expend magic power (3 MP) to strengthen your wands. [an orb of fire]
 70495 | Zot:5    | Noticed an ancient lich
 70504 | Zot:5    | Killed an orb of fire
 70507 | Zot:5    | Killed an ancient lich
 70702 | Zot:5    | Received a gift from Okawaru
 70703 | Zot:5    | Noticed an orb of fire
 70717 | Zot:5    | Noticed an orb of fire
 70723 | Zot:5    | Killed an orb of fire
 70739 | Zot:5    | Gained mutation: Armour fits poorly on your strangely shaped body. [an orb of fire]
 70740 | Zot:5    | Killed an orb of fire
 70740 | Zot:5    | Reached skill level 12 in Armour
 70768 | Zot:5    | Noticed an orb of fire
 70774 | Zot:5    | Gained mutation: Scrolls take you a little longer to read. [an orb of fire]
 70775 | Zot:5    | Killed an orb of fire
 70828 | Zot:5    | Noticed an orb of fire
 70831 | Zot:5    | Reached skill level 10 in Spellcasting
 70842 | Zot:5    | Killed an orb of fire
 70943 | Zot:5    | Received a gift from Okawaru
 70943 | Zot:5    | Reached skill level 22 in Unarmed Combat
 70964 | Zot:5    | Reached XP level 27. HP: 264/295 MP: 36/36
 71044 | Zot:5    | Reached skill level 11 in Charms
 71055 | Zot:5    | Reached skill level 13 in Armour
 71119 | Zot:5    | Noticed an ancient lich
 71131 | Zot:5    | Killed an ancient lich
 72075 | Zot:5    | Lost mutation: You are robust (+10% HP). [potion of cure mutation]
 72075 | Zot:5    | Lost mutation: Your muscles are strong. (Str +2) [potion of cure mutation]
 72075 | Zot:5    | Lost mutation: Armour fits poorly on your strangely shaped body. [potion of cure mutation]
 72075 | Zot:5    | Lost mutation: Your flesh is very cold resistant. [potion of cure mutation]
 72076 | Zot:5    | Lost mutation: You expend magic power (3 MP) to strengthen your wands. [potion of cure mutation]
 72076 | Zot:5    | Lost mutation: Scrolls take you a little longer to read. [potion of cure mutation]
 72076 | Zot:5    | Lost mutation: Your flesh is cold resistant. [potion of cure mutation]
 72084 | Zot:5    | Got the Orb of Zot
 72164 | Zot:4    | Noticed Ine Naug the pandemonium lord
 72658 | D:$      | Escaped with the Orb!

Table legend:
 A = Turns spent in this place as a percentage of turns spent in the entire game.
 B = Non-inter-level travel turns spent in this place as a percentage of non-inter-level travel turns spent in the entire game.
 C = Inter-level travel turns spent in this place as a percentage of turns spent in this place.
 D = Turns resting spent in this place as a percentage of non-inter-level travel turns spent in this place.
 E = Turns spent auto-exploring this place as a percentage of non-inter-level travel turns spent in this place.
 F = Non-inter-level travel turns spent in this place divided by the number of levels of this place that you've seen.
                   A       B       C       D       E      F
               +-------+-------+-------+-------+-------+----------------------
         Total | 100.0 | 100.0 |   0.8 |   2.6 |   6.3 | 464.4
       Dungeon |  20.4 |  20.3 |   1.3 |   2.2 |   7.2 | 377.9
        Temple |   0.0 |   0.0 |   8.3 |   0.0 |  81.8 |  11.0
          Lair |  12.3 |  12.3 |   0.6 |   3.3 |   7.2 | 428.0
        Shoals |   7.9 |   7.9 |   0.9 |   3.7 |   6.0 | 552.5
   Spider Nest |   6.2 |   6.2 |   0.7 |   2.9 |   5.9 | 432.8
  Orcish Mines |   2.7 |   2.6 |   2.4 |   1.4 |   8.6 | 366.5
   Elven Halls |   7.9 |   7.9 |   0.8 |   3.9 |  10.8 | 735.3
        Vaults |  10.7 |  10.8 |   0.2 |   2.2 |   8.7 | 749.0
        Depths |  15.1 |  15.1 |   0.5 |   2.6 |   4.4 | 841.0
           Zot |   5.8 |   5.8 |   1.2 |   2.8 |   4.2 | 324.4
         Abyss |   8.1 |   8.1 |   0.0 |   0.6 |   0.0 | 377.5
         Sewer |   0.8 |   0.8 |   0.0 |   4.5 |   6.4 | 220.0
       Volcano |   0.6 |   0.6 |   0.0 |   0.0 |   0.0 | 157.0
        Wizlab |   1.5 |   1.5 |   0.0 |   5.3 |   5.3 | 414.0
               +-------+-------+-------+-------+-------+----------------------

Table legend:
 A = Kills in this place as a percentage of kills in entire the game.
 B = Kills by you in this place as a percentage of kills by you in the entire game.
 C = Kills by friends in this place as a percentage of kills by friends in the entire game.
 D = Other kills in this place as a percentage of other kills in the entire game.
 E = Experience gained in this place as a percentage of experience gained in the entire game.
 F = Experience gained in this place divided by the number of levels of this place that you have seen.
                   A       B       C       D       E      F
               +-------+-------+-------+-------+-------+----------------------
         Total | 100.0 | 100.0 | 100.0 | 100.0 | 100.0 | 26010.9
       Dungeon |  18.8 |  18.9 |   0.0 |   0.0 |   4.7 | 4874.2
          Lair |  16.5 |  16.6 |   0.0 |   0.0 |   5.7 | 11049.2
        Shoals |   7.4 |   7.4 |   0.0 |  22.2 |   7.4 | 28732.0
   Spider Nest |   5.9 |   5.9 |   0.0 |  22.2 |   4.7 | 18379.5
  Orcish Mines |   4.0 |   4.0 |   0.0 |   0.0 |   1.1 | 8228.5
   Elven Halls |   6.5 |   6.4 |  33.3 |  11.1 |   9.2 | 47609.0
        Vaults |  14.2 |  14.2 |   0.0 |  22.2 |  13.9 | 54187.0
        Depths |  14.7 |  14.7 |  66.7 |   0.0 |  26.7 | 83284.4
           Zot |   4.4 |   4.3 |   0.0 |  22.2 |  19.8 | 61895.6
         Abyss |   5.9 |   6.0 |   0.0 |   0.0 |   5.7 | 14873.0
         Sewer |   0.7 |   0.7 |   0.0 |   0.0 |   0.0 | 263.0
       Volcano |   0.3 |   0.3 |   0.0 |   0.0 |   0.2 | 2818.0
        Wizlab |   0.7 |   0.7 |   0.0 |   0.0 |   1.1 | 16451.0
               +-------+-------+-------+-------+-------+----------------------

Vanquished Creatures
  Monster Symbol All ' '
  The ghost of vogonpoet the Severer, a journeyman HOGl of Okawaru (Lair:6)
  The ghost of iafm the Fencer, a journeyman HECK of Xom (Lair:3)
2 creatures vanquished. All '(' 23 dancing weapons
23 creatures vanquished. All '*' 6 orbs of fire (Zot:5) 8 wretched stars
14 creatures vanquished. All '2' A reaper (Abyss:3) A blizzard demon (Depths:1) A green death (Depths:3) A hell beast (Depths:4) 4 hellions
8 creatures vanquished. All '3' 4 smoke demons 4 ynoxinuls (Abyss:3) 3 chaos spawn 5 neqoxecs
16 creatures vanquished. All '4' 2 rust devils 4 ice devils 2 hellwings (Abyss:3) 4 red devils
12 creatures vanquished. All '5' 9 crimson imps 2 quasits (Abyss:3) 7 shadow imps 16 white imps
34 creatures vanquished. All '6' An infernal demonspawn (Depths:3)
1 creature vanquished. All '8' 2 electric golems (Zot:5) A crystal guardian (Vaults:2) 2 ice statues (Depths:1)
5 creatures vanquished. All '9' 2 molten gargoyles (Volcano) 2 gargoyles
4 creatures vanquished. All ';' 5 electric eels
5 creatures vanquished. All '@' Margery (Depths:2) Frederick (Vaults:2) Nikola (Shoals:2) Kirke (Lair:5) Donald (D:13) Psyche (D:12) Sigmund (D:5) Terence (D:2)
8 creatures vanquished. All 'A' Mennas (Depths:4) A daeva (Abyss:4)
2 creatures vanquished. All 'B' 10 boulder beetles A boulder beetle (shapeshifter) (Depths:4)
11 creatures vanquished. All 'C' 2 juggernauts (Depths:4) 3 titans Polyphemus (Shoals:3) 7 fire giants A frost giant (shapeshifter) (Vaults:2) 14 frost giants 8 stone giants 12 ettins 6 hill giants 14 cyclopes
68 creatures vanquished. All 'D' 3 golden dragons 2 bone dragons Xtahua (Depths:5) 10 storm dragons A shadow dragon (Depths:5) 11 fire dragons 15 ice dragons 10 hydras 2 mottled dragons
55 creatures vanquished. All 'E' 16 air elementals 19 water elementals 6 fire elementals 3 earth elementals
44 creatures vanquished. All 'F' 16 spiny frogs A spiny frog (shapeshifter) (Vaults:3) 27 blink frogs 25 giant frogs
69 creatures vanquished. All 'G' 8 great orbs of eyes 4 giant orange brains A golden eye (shapeshifter) (D:15) A golden eye (Abyss:3) 2 giant eyeballs (Depths:2)
16 creatures vanquished. All 'H' 5 sphinxes 25 harpies 19 griffons 18 manticores A hippogriff (shapeshifter) (D:14) 20 hippogriffs
88 creatures vanquished. All 'J' 15 slime creatures 3 jellies An ooze (D:3)
19 creatures vanquished. All 'K' Sonja (D:13) 3 kobold demonologists 13 kobolds
17 creatures vanquished. All 'L' 7 ancient liches 5 liches
12 creatures vanquished. All 'M' 2 mummy priests (WizLab) 3 guardian mummies
5 creatures vanquished. All 'N' 2 salamander stormcallers 2 naga warriors (Abyss:3) A salamander (shapeshifter) (Vaults:4)
5 creatures vanquished. All 'O' 23 ogre magi A two-headed ogre (shapeshifter) (Depths:2) 35 two-headed ogres 102 ogres
161 creatures vanquished. All 'P' An oklob plant (Lair:7) 2 bushes (Abyss:3) A fungus (Lair:8) 3 plants
7 creatures vanquished. All 'Q' Sojobo (Depths:1) 7 tengu reavers 6 tengu warriors 7 tengu conjurers
21 creatures vanquished. All 'R' Mara (Depths:3) 3 rakshasas 3 efreet
7 creatures vanquished. All 'S' Aizul (Depths:3) An anaconda (shapeshifter) (Depths:2) A shock serpent (shapeshifter) (Elf:1) A sea snake (shapeshifter) (Vaults:3) 19 sea snakes 9 black mambas 4 guardian serpents 2 guardian serpents (shapeshifter) A water moccasin (shapeshifter) (Vaults:2) 23 water moccasins 9 adders 6 ball pythons
77 creatures vanquished. All 'T' Snorg (Lair:4) 9 deep troll shamans 7 deep troll earth magi 4 iron trolls (Depths:4) An iron troll (shapeshifter) (Depths:2) 18 deep trolls 9 trolls
49 creatures vanquished. All 'V' 4 vampire magi A vampire (D:11)
5 creatures vanquished. All 'W' A shadow wraith (Vaults:3) 5 flayed ghosts 8 freezing wraiths 2 shadows 4 wraiths 4 hungry ghosts 4 phantoms
28 creatures vanquished. All 'X' 6 tentacled monstrosities 26 Orb Guardians (Zot:5) 5 tentacled starspawn 7 thrashing horrors 20 large abominations 17 starcursed masses (Abyss:3)
81 creatures vanquished. All 'Y' A catoblepas (Shoals:3) 4 death yaks (Shoals:3) 10 elephants 52 yaks 8 ice beasts 3 sky beasts 31 sheep
109 creatures vanquished. All 'Z' A caustic shrike skeleton (Depths:4) A titan zombie (WizLab) A storm dragon zombie (WizLab) A spark wasp zombie (Depths:4) A stone giant zombie (WizLab) An iron dragon zombie (WizLab) A shadow dragon skeleton (Vaults:3) A sphinx skeleton (Vaults:3) A frost giant skeleton (Vaults:3) 4 centaur zombies A stone giant skeleton (Vaults:3) 2 demonspawn zombies (WizLab) 3 elf zombies 2 centaur skeletons 2 spriggan zombies 3 human skeletons 6 yaktaur skeletons (Vaults:3) An ettin zombie (Abyss:3) A frost giant simulacrum (Abyss:5) A centaur simulacrum (D:15) A fire dragon skeleton (D:15) A spriggan skeleton (D:15) A fire dragon zombie (WizLab) An ettin skeleton (Vaults:3) An ogre zombie (WizLab) A deep troll zombie (WizLab) An elf simulacrum (Depths:4) 2 yaktaur zombies (WizLab) A glowing shapeshifter simulacrum (Vaults:1) A water moccasin skeleton (D:5) An orc simulacrum (Vaults:1) 4 giant frog zombies 2 giant frog skeletons A worker ant zombie (D:11) An adder skeleton (D:4) 3 adder zombies 2 giant gecko skeletons A jackal skeleton (D:9)
61 creatures vanquished. All 'a' 9 worker ants
9 creatures vanquished. All 'b' 5 caustic shrikes (Depths:4) 3 fire bats 8 bats
16 creatures vanquished. All 'c' Nessos (Lair:6) 18 yaktaur captains 16 centaur warriors 2 satyrs 2 fauns (Shoals:2) 72 yaktaurs 23 centaurs
134 creatures vanquished. All 'd' Tiamat (Zot:3) 5 green draconians 5 white draconians 8 black draconians 5 purple draconians 4 red draconians 4 mottled draconians 3 yellow draconians
35 creatures vanquished. All 'e' 3 deep elf blademasters (Elf:3) 2 deep elf master archers (Elf:3) 11 deep elf sorcerers 2 deep elf elementalists (Elf:3) 9 deep elf demonologists 11 deep elf annihilators 8 deep elf death magi 10 deep elf high priests 15 deep elf knights 15 deep elf archers 60 deep elf magi
146 creatures vanquished. All 'g' Jorgrun (Spider:2) A boggart (Depths:2) A gnoll sergeant (Orc:2) A gnoll shaman (D:8) 13 gnolls 11 goblins 11 hobgoblins
39 creatures vanquished. All 'h' 9 hell hogs 2 polar bears (shapeshifter) 10 polar bears 16 raiju A hog (shapeshifter) (D:14) A hog (Lair:5) 13 wargs 10 hell hounds 14 black bears 17 wolves A howler monkey (D:10) 17 hounds 10 jackals
121 creatures vanquished. All 'i' 6 spriggan defenders 8 spriggan air magi 5 spriggan berserkers 6 spriggans A spriggan (shapeshifter) (Vaults:2)
26 creatures vanquished. All 'k' 2 lindwurms (Lair:8) 9 rime drakes 6 wind drakes
17 creatures vanquished. All 'l' 6 komodo dragons A komodo dragon (shapeshifter) (Elf:2) 9 wyverns 13 basilisks A basilisk (shapeshifter) (Vaults:1) 12 iguanas 5 giant geckos 12 giant newts
59 creatures vanquished. All 'm' Ilsuiw (Shoals:4) 5 merfolk javelineers 11 merfolk impalers 2 merfolk avatars 13 merfolk aquamancers 6 sirens 3 water nymphs A merfolk (shapeshifter) (Vaults:2) 32 merfolk
74 creatures vanquished. All 'n' A necrophage (D:5)
1 creature vanquished. All 'o' Saint Roka (Elf:1) An orc high priest (Elf:1) Urug (Lair:4) 11 orc knights An orc sorcerer (Vaults:3) 42 orc warriors Blork the orc (D:5) 23 orc wizards 21 orc priests 98 orcs
200 creatures vanquished. All 'p' 3 Killer Klowns (Zot:5) 9 vault wardens 9 ironheart preservers 10 vault guards 8 entropy weavers 2 death knights 14 hell knights 6 wizards 18 ironbrand convokers 7 necromancers 6 vault sentinels 16 humans
108 creatures vanquished. All 'q' 6 draconian scorchers 4 draconian monks 3 draconian knights 2 draconian annihilators (Zot:5) 3 draconian callers
18 creatures vanquished. All 'r' 10 porcupines 58 river rats 2 quokkas 8 rats
78 creatures vanquished. All 's' 9 emperor scorpions 12 orb spiders 19 wolf spiders A wolf spider (shapeshifter) (Vaults:4) 11 demonic crawlers 17 jumping spiders 73 redbacks A tarantella (shapeshifter) (Abyss:3) 24 tarantellas 6 scorpions 10 giant cockroaches
183 creatures vanquished. All 't' 7 alligator snapping turtles 2 fire crabs (Vaults:4) 17 snapping turtles 13 crocodiles
39 creatures vanquished. All 'u' 28 very ugly things 30 ugly things
58 creatures vanquished. All 'v' A spatial maelstrom (Abyss:3)
1 creature vanquished. All 'w' 6 torpor snails 4 giant leeches (Lair:8) 7 swamp worms (Lair:6) 33 worms 4 dart slugs 7 starspawn tentacles
61 creatures vanquished. All 'x' 5 unseen horrors 2 worldbinders An octopode (shapeshifter) (Elf:1) 10 small abominations 11 ancient zymes 2 crawling corpses (Elf:3)
31 creatures vanquished. All 'y' 8 ghost moths 5 spark wasps A hornet (shapeshifter) (Vaults:4) A moth of wrath (shapeshifter) (Depths:2) 7 moths of wrath 2 hornets A queen bee (D:15) 15 vampire mosquitoes 8 wasps 22 killer bees
70 creatures vanquished. All 'z' A curse toe (Zot:5) 4 death cobs 2 ancient champions (Depths:2) 12 skeletal warriors A flying skull (Abyss:3) 5 wights (D:9)
25 creatures vanquished.
2698 creatures vanquished. Monster Nature Uniques Tiamat (Zot:3) Mennas (Depths:4) Mara (Depths:3) Sojobo (Depths:1) Margery (Depths:2) Saint Roka (Elf:1) Frederick (Vaults:2) Nikola (Shoals:2) Xtahua (Depths:5) Jorgrun (Spider:2) Polyphemus (Shoals:3) Kirke (Lair:5) Donald (D:13) Ilsuiw (Shoals:4) Aizul (Depths:3) Nessos (Lair:6) Snorg (Lair:4) Urug (Lair:4) Sonja (D:13) Psyche (D:12) Sigmund (D:5) Blork the orc (D:5) Terence (D:2)
23 creatures vanquished. Natural Monsters 2 juggernauts (Depths:4) 5 caustic shrikes (Depths:4) 3 Killer Klowns (Zot:5) 3 golden dragons 26 Orb Guardians (Zot:5) 3 deep elf blademasters (Elf:3) 2 deep elf master archers (Elf:3) 3 titans 10 storm dragons 5 sphinxes A shadow dragon (Depths:5) 7 tengu reavers 6 draconian scorchers 11 deep elf sorcerers 7 fire giants 9 vault wardens 4 draconian monks A frost giant (shapeshifter) (Vaults:2) 2 deep elf elementalists (Elf:3) 3 draconian knights 14 frost giants 8 ghost moths 9 ironheart preservers 9 emperor scorpions 2 draconian annihilators (Zot:5) 6 spriggan defenders 3 draconian callers 28 very ugly things 8 stone giants The ghost of vogonpoet the Severer, a journeyman HOGl of Okawaru (Lair:6) 2 salamander stormcallers 9 deep elf demonologists 5 green draconians 5 white draconians 8 black draconians 5 spark wasps 11 deep elf annihilators 5 purple draconians 4 red draconians 5 merfolk javelineers 4 mottled draconians 3 yellow draconians 8 deep elf death magi 11 merfolk impalers The ghost of iafm the Fencer, a journeyman HECK of Xom (Lair:3) 8 great orbs of eyes 12 ettins 10 deep elf high priests 11 fire dragons 10 vault guards 18 yaktaur captains 15 ice dragons 8 entropy weavers 2 naga warriors (Abyss:3) 10 hydras 8 spriggan air magi A catoblepas (Shoals:3) 2 merfolk avatars 2 death knights 7 alligator snapping turtles An anaconda (shapeshifter) (Depths:2) 13 merfolk aquamancers 23 ogre magi 16 centaur warriors 9 deep troll shamans 2 satyrs 5 spriggan berserkers 6 tengu warriors 4 death yaks (Shoals:3) 7 deep troll earth magi A shock serpent (shapeshifter) (Elf:1) 9 hell hogs An orc high priest (Elf:1) 14 hell knights 4 iron trolls (Depths:4) 15 deep elf knights An iron troll (shapeshifter) (Depths:2) A sea snake (shapeshifter) (Vaults:3) 2 fire crabs (Vaults:4) 19 sea snakes 18 deep trolls An infernal demonspawn (Depths:3) 5 unseen horrors 4 giant orange brains 6 wizards 6 hill giants 15 deep elf archers 25 harpies 18 ironbrand convokers 2 lindwurms (Lair:8) 12 orb spiders 7 necromancers 11 orc knights 60 deep elf magi 19 wolf spiders A salamander (shapeshifter) (Vaults:4) A wolf spider (shapeshifter) (Vaults:4) 2 fauns (Shoals:2) A hornet (shapeshifter) (Vaults:4) 14 cyclopes 19 griffons A moth of wrath (shapeshifter) (Depths:2) 7 moths of wrath An orc sorcerer (Vaults:3) 30 ugly things 18 manticores 2 hornets 9 black mambas 6 sirens 10 elephants 4 guardian serpents An octopode (shapeshifter) (Elf:1) 6 vault sentinels 6 torpor snails 2 guardian serpents (shapeshifter) 3 water nymphs 16 spiny frogs A spiny frog (shapeshifter) (Vaults:3) 6 komodo dragons 9 rime drakes 3 kobold demonologists A komodo dragon (shapeshifter) (Elf:2) 72 yaktaurs 7 tengu conjurers A merfolk (shapeshifter) (Vaults:2) 4 giant leeches (Lair:8) A queen bee (D:15) 9 trolls 6 wind drakes 10 polar bears 2 polar bears (shapeshifter) 17 jumping spiders A two-headed ogre (shapeshifter) (Depths:2) 32 merfolk 10 boulder beetles 17 snapping turtles A boulder beetle (shapeshifter) (Depths:4) 16 raiju 27 blink frogs 35 two-headed ogres 15 slime creatures 73 redbacks 6 spriggans A spriggan (shapeshifter) (Vaults:2) A tarantella (shapeshifter) (Abyss:3) 52 yaks 24 tarantellas 9 wyverns 16 humans A hog (shapeshifter) (D:14) 3 fire bats A golden eye (shapeshifter) (D:15) A hog (Lair:5) A basilisk (shapeshifter) (Vaults:1) 13 basilisks A golden eye (Abyss:3) A hippogriff (shapeshifter) (D:14) 20 hippogriffs 2 mottled dragons 7 swamp worms (Lair:6) 13 wargs A water moccasin (shapeshifter) (Vaults:2) 10 hell hounds 10 porcupines 23 water moccasins 8 ice beasts 3 sky beasts 8 wasps 42 orc warriors 14 black bears 23 centaurs 102 ogres A boggart (Depths:2) 17 wolves 13 crocodiles 25 giant frogs A gnoll sergeant (Orc:2) 6 scorpions 22 killer bees 5 electric eels A howler monkey (D:10) 23 orc wizards 21 orc priests A gnoll shaman (D:8) 17 hounds 3 jellies 12 iguanas 9 worker ants 31 sheep 13 gnolls 9 adders 58 river rats 2 giant eyeballs (Depths:2) An ooze (D:3) 33 worms 4 dart slugs 5 giant geckos 98 orcs 8 bats 10 giant cockroaches 11 goblins 11 hobgoblins 10 jackals 2 quokkas 6 ball pythons 12 giant newts 13 kobolds 8 rats
2248 creatures vanquished. Non-Living Monsters 6 orbs of fire (Zot:5) 2 electric golems (Zot:5) 5 tentacled starspawn A crystal guardian (Vaults:2) 23 dancing weapons 7 thrashing horrors 8 wretched stars A spatial maelstrom (Abyss:3) 2 worldbinders 2 ice statues (Depths:1) 2 molten gargoyles (Volcano) 17 starcursed masses (Abyss:3) 2 gargoyles 11 ancient zymes 16 air elementals 19 water elementals 6 fire elementals 3 earth elementals 7 starspawn tentacles
140 creatures vanquished. Undead Monsters 7 ancient liches A curse toe (Zot:5) 2 bone dragons 5 liches 4 death cobs 2 ancient champions (Depths:2) A caustic shrike skeleton (Depths:4) 2 mummy priests (WizLab) 4 vampire magi A titan zombie (WizLab) A storm dragon zombie (WizLab) A shadow wraith (Vaults:3) 12 skeletal warriors 20 large abominations A spark wasp zombie (Depths:4) 5 flayed ghosts A stone giant zombie (WizLab) An iron dragon zombie (WizLab) A shadow dragon skeleton (Vaults:3) A sphinx skeleton (Vaults:3) A frost giant skeleton (Vaults:3) 4 centaur zombies A stone giant skeleton (Vaults:3) 2 demonspawn zombies (WizLab) 3 elf zombies 8 freezing wraiths 2 centaur skeletons 2 spriggan zombies 10 small abominations 3 guardian mummies 3 human skeletons 6 yaktaur skeletons (Vaults:3) An ettin zombie (Abyss:3) A frost giant simulacrum (Abyss:5) A centaur simulacrum (D:15) A fire dragon skeleton (D:15) A spriggan skeleton (D:15) A fire dragon zombie (WizLab) A flying skull (Abyss:3) 2 shadows A vampire (D:11) 4 wraiths An ettin skeleton (Vaults:3) 4 hungry ghosts 15 vampire mosquitoes An ogre zombie (WizLab) A deep troll zombie (WizLab) 4 phantoms A necrophage (D:5) An elf simulacrum (Depths:4) 2 yaktaur zombies (WizLab) A glowing shapeshifter simulacrum (Vaults:1) A water moccasin skeleton (D:5) An orc simulacrum (Vaults:1) 5 wights (D:9) 4 giant frog zombies 2 giant frog skeletons A worker ant zombie (D:11) An adder skeleton (D:4) 3 adder zombies 2 giant gecko skeletons A jackal skeleton (D:9) 2 crawling corpses (Elf:3)
186 creatures vanquished. Demonic Monsters 6 tentacled monstrosities A reaper (Abyss:3) A blizzard demon (Depths:1) A green death (Depths:3) 3 rakshasas A hell beast (Depths:4) 4 smoke demons 2 rust devils 3 efreet 4 hellions 4 ice devils 2 hellwings (Abyss:3) 11 demonic crawlers 4 red devils 4 ynoxinuls (Abyss:3) 3 chaos spawn 5 neqoxecs 9 crimson imps 2 quasits (Abyss:3) 7 shadow imps 16 white imps
93 creatures vanquished. Plants An oklob plant (Lair:7) 2 bushes (Abyss:3) A fungus (Lair:8) 3 plants
7 creatures vanquished.
2698 creatures vanquished. Ascending Order Tiamat (Zot:3) Mennas (Depths:4) Mara (Depths:3) Sojobo (Depths:1) Margery (Depths:2) Saint Roka (Elf:1) Frederick (Vaults:2) A curse toe (Zot:5) Nikola (Shoals:2) Xtahua (Depths:5) Jorgrun (Spider:2) Polyphemus (Shoals:3) Kirke (Lair:5) A shadow dragon (Depths:5) A daeva (Abyss:4) Donald (D:13) Ilsuiw (Shoals:4) A frost giant (shapeshifter) (Vaults:2) Aizul (Depths:3) A caustic shrike skeleton (Depths:4) A reaper (Abyss:3) The ghost of vogonpoet the Severer, a journeyman HOGl of Okawaru (Lair:6) Nessos (Lair:6) A blizzard demon (Depths:1) Snorg (Lair:4) A crystal guardian (Vaults:2) A green death (Depths:3) The ghost of iafm the Fencer, a journeyman HECK of Xom (Lair:3) A hell beast (Depths:4) A catoblepas (Shoals:3) An anaconda (shapeshifter) (Depths:2) A titan zombie (WizLab) A shock serpent (shapeshifter) (Elf:1) An orc high priest (Elf:1) Urug (Lair:4) A storm dragon zombie (WizLab) Sonja (D:13) A shadow wraith (Vaults:3) An iron troll (shapeshifter) (Depths:2) A spark wasp zombie (Depths:4) A spatial maelstrom (Abyss:3) A sea snake (shapeshifter) (Vaults:3) An infernal demonspawn (Depths:3) A stone giant zombie (WizLab) An iron dragon zombie (WizLab) A salamander (shapeshifter) (Vaults:4) A wolf spider (shapeshifter) (Vaults:4) A shadow dragon skeleton (Vaults:3) An oklob plant (Lair:7) A hornet (shapeshifter) (Vaults:4) A moth of wrath (shapeshifter) (Depths:2) An orc sorcerer (Vaults:3) A sphinx skeleton (Vaults:3) A frost giant skeleton (Vaults:3) An octopode (shapeshifter) (Elf:1) A stone giant skeleton (Vaults:3) Psyche (D:12) A spiny frog (shapeshifter) (Vaults:3) A komodo dragon (shapeshifter) (Elf:2) A merfolk (shapeshifter) (Vaults:2) A queen bee (D:15) A two-headed ogre (shapeshifter) (Depths:2) An ettin zombie (Abyss:3) A boulder beetle (shapeshifter) (Depths:4) A frost giant simulacrum (Abyss:5) A centaur simulacrum (D:15) A spriggan skeleton (D:15) A fire dragon skeleton (D:15) A fire dragon zombie (WizLab) A flying skull (Abyss:3) A vampire (D:11) Sigmund (D:5) A spriggan (shapeshifter) (Vaults:2) A tarantella (shapeshifter) (Abyss:3) A hog (shapeshifter) (D:14) A golden eye (shapeshifter) (D:15) An ettin skeleton (Vaults:3) A hog (Lair:5) A basilisk (shapeshifter) (Vaults:1) A golden eye (Abyss:3) A hippogriff (shapeshifter) (D:14) An ogre zombie (WizLab) A water moccasin (shapeshifter) (Vaults:2) A deep troll zombie (WizLab) A boggart (Depths:2) A necrophage (D:5) An elf simulacrum (Depths:4) Blork the orc (D:5) A gnoll sergeant (Orc:2) A glowing shapeshifter simulacrum (Vaults:1) A water moccasin skeleton (D:5) An orc simulacrum (Vaults:1) A howler monkey (D:10) A gnoll shaman (D:8) Terence (D:2) A worker ant zombie (D:11) An ooze (D:3) An adder skeleton (D:4) A jackal skeleton (D:9) A fungus (Lair:8) 2 juggernauts (Depths:4) 2 bone dragons 2 electric golems (Zot:5) 2 deep elf master archers (Elf:3) 2 ancient champions (Depths:2) 2 deep elf elementalists (Elf:3) 2 draconian annihilators (Zot:5) 2 salamander stormcallers 2 mummy priests (WizLab) 2 naga warriors (Abyss:3) 2 merfolk avatars 2 death knights 2 satyrs 2 fire crabs (Vaults:4) 2 lindwurms (Lair:8) 2 fauns (Shoals:2) 2 hornets 2 worldbinders 2 ice statues (Depths:1) 2 molten gargoyles (Volcano) 2 demonspawn zombies (WizLab) 2 guardian serpents (shapeshifter) 2 rust devils 2 gargoyles 2 centaur skeletons 2 spriggan zombies 2 hellwings (Abyss:3) 2 polar bears (shapeshifter) 2 shadows 2 mottled dragons 2 yaktaur zombies (WizLab) 2 quasits (Abyss:3) 2 giant frog skeletons 2 giant eyeballs (Depths:2) 2 quokkas 2 giant gecko skeletons 2 crawling corpses (Elf:3) 2 bushes (Abyss:3) 3 Killer Klowns (Zot:5) 3 golden dragons 3 deep elf blademasters (Elf:3) 3 titans 3 draconian knights 3 draconian callers 3 yellow draconians 3 rakshasas 3 water nymphs 3 elf zombies 3 efreet 3 kobold demonologists 3 guardian mummies 3 human skeletons 3 chaos spawn 3 fire bats 3 sky beasts 3 earth elementals 3 jellies 3 adder zombies 3 plants 4 death cobs 4 draconian monks 4 red draconians 4 mottled draconians 4 death yaks (Shoals:3) 4 vampire magi 4 iron trolls (Depths:4) 4 giant orange brains 4 guardian serpents 4 smoke demons 4 centaur zombies 4 hellions 4 ice devils 4 giant leeches (Lair:8) 4 red devils 4 ynoxinuls (Abyss:3) 4 wraiths 4 hungry ghosts 4 phantoms 4 giant frog zombies 4 dart slugs 5 caustic shrikes (Depths:4) 5 liches 5 tentacled starspawn 5 sphinxes 5 green draconians 5 white draconians 5 spark wasps 5 purple draconians 5 merfolk javelineers 5 spriggan berserkers 5 unseen horrors 5 flayed ghosts 5 neqoxecs 5 wights (D:9) 5 electric eels 5 giant geckos 6 orbs of fire (Zot:5) 6 tentacled monstrosities 6 draconian scorchers 6 spriggan defenders 6 tengu warriors 6 wizards 6 hill giants 6 sirens 6 vault sentinels 6 torpor snails 6 komodo dragons 6 wind drakes 6 yaktaur skeletons (Vaults:3) 6 spriggans 6 fire elementals 6 scorpions 6 ball pythons 7 ancient liches 7 tengu reavers 7 fire giants 7 alligator snapping turtles 7 deep troll earth magi 7 thrashing horrors 7 necromancers 7 moths of wrath 7 tengu conjurers 7 swamp worms (Lair:6) 7 shadow imps 7 starspawn tentacles 8 ghost moths 8 stone giants 8 black draconians 8 deep elf death magi 8 great orbs of eyes 8 entropy weavers 8 spriggan air magi 8 wretched stars 8 freezing wraiths 8 ice beasts 8 wasps 8 bats 8 rats 9 vault wardens 9 ironheart preservers 9 emperor scorpions 9 deep elf demonologists 9 deep troll shamans 9 hell hogs 9 black mambas 9 rime drakes 9 trolls 9 wyverns 9 crimson imps 9 worker ants 9 adders 10 storm dragons 10 deep elf high priests 10 vault guards 10 hydras 10 elephants 10 small abominations 10 polar bears 10 boulder beetles 10 hell hounds 10 porcupines 10 jackals 10 giant cockroaches 11 deep elf sorcerers 11 deep elf annihilators 11 merfolk impalers 11 fire dragons 11 orc knights 11 demonic crawlers 11 ancient zymes 11 hobgoblins 11 goblins 12 ettins 12 skeletal warriors 12 orb spiders 12 iguanas 12 giant newts 13 merfolk aquamancers 13 basilisks 13 wargs 13 crocodiles 13 gnolls 13 kobolds 14 frost giants 14 hell knights 14 cyclopes 14 black bears 15 ice dragons 15 deep elf knights 15 deep elf archers 15 slime creatures 15 vampire mosquitoes 16 centaur warriors 16 spiny frogs 16 raiju 16 air elementals 16 humans 16 white imps 17 starcursed masses (Abyss:3) 17 jumping spiders 17 snapping turtles 17 wolves 17 hounds 18 yaktaur captains 18 deep trolls 18 ironbrand convokers 18 manticores 19 sea snakes 19 wolf spiders 19 griffons 19 water elementals 20 large abominations 20 hippogriffs 21 orc priests 22 killer bees 23 ogre magi 23 dancing weapons 23 water moccasins 23 centaurs 23 orc wizards 24 tarantellas 25 harpies 25 giant frogs 26 Orb Guardians (Zot:5) 27 blink frogs 28 very ugly things 30 ugly things 31 sheep 32 merfolk 33 worms 35 two-headed ogres 42 orc warriors 52 yaks 58 river rats 60 deep elf magi 72 yaktaurs 73 redbacks 98 orcs 102 ogres
2698 creatures vanquished. The 3-digit Club 102 ogres
102 creatures vanquished. ----------------------------------------

Vanquished Creatures (collateral kills)
  Monster Symbol All 'e'
  A deep elf demonologist (Elf:3)
1 creature vanquished. All 'i' the Enchantress (Depths:5)
1 creature vanquished. All 's' A jumping spider (Depths:4)
1 creature vanquished.
3 creatures vanquished. Monster Nature Uniques the Enchantress (Depths:5)
1 creature vanquished. Natural Monsters A deep elf demonologist (Elf:3) A jumping spider (Depths:4)
2 creatures vanquished.
3 creatures vanquished. Ascending Order the Enchantress (Depths:5) A deep elf demonologist (Elf:3) A jumping spider (Depths:4)
3 creatures vanquished. ----------------------------------------

Vanquished Creatures (others)
  Monster Symbol All '*'
  A lurking horror (Abyss:3)
  19 starspawn tentacle segments
20 creatures vanquished. All 'P' 21 fungi 53 plants 2 withered plants (D:15)
76 creatures vanquished. All 'd' A black draconian (Zot:5)
1 creature vanquished. All 'e' A deep elf elementalist (Elf:3) A deep elf high priest (Elf:3)
2 creatures vanquished. All 'm' 2 merfolk (Shoals:4)
2 creatures vanquished. All 'o' An orc (D:13)
1 creature vanquished. All 'p' An ironheart preserver (Vaults:4) 5 humans (Lair:5)
6 creatures vanquished. All 'q' A draconian annihilator (Zot:5)
1 creature vanquished. All 's' A jumping spider (Vaults:2) A redback (Vaults:2) 2 tarantellas
4 creatures vanquished. All 'w' 10 starspawn tentacles
10 creatures vanquished. All 'y' 3 moths of wrath (Zot:5) A vampire mosquito (Vaults:3)
4 creatures vanquished.
127 creatures vanquished. Monster Nature Natural Monsters A draconian annihilator (Zot:5) A deep elf elementalist (Elf:3) An ironheart preserver (Vaults:4) A black draconian (Zot:5) A deep elf high priest (Elf:3) 3 moths of wrath (Zot:5) 2 merfolk (Shoals:4) A jumping spider (Vaults:2) A redback (Vaults:2) 2 tarantellas 5 humans (Lair:5) An orc (D:13)
20 creatures vanquished. Non-Living Monsters A lurking horror (Abyss:3) 10 starspawn tentacles 19 starspawn tentacle segments 2 withered plants (D:15)
32 creatures vanquished. Undead Monsters A vampire mosquito (Vaults:3)
1 creature vanquished. Plants 21 fungi 53 plants
74 creatures vanquished.
127 creatures vanquished. Ascending Order A draconian annihilator (Zot:5) A deep elf elementalist (Elf:3) An ironheart preserver (Vaults:4) A black draconian (Zot:5) A deep elf high priest (Elf:3) A jumping spider (Vaults:2) A redback (Vaults:2) A vampire mosquito (Vaults:3) An orc (D:13) A lurking horror (Abyss:3) 2 merfolk (Shoals:4) 2 tarantellas 2 withered plants (D:15) 3 moths of wrath (Zot:5) 5 humans (Lair:5) 10 starspawn tentacles 19 starspawn tentacle segments 21 fungi 53 plants
127 creatures vanquished. ----------------------------------------

Grand Total: 2828 creatures vanquished

Skill      XL: |  1  2  3  4  5  6  7  8  9 10 11 12 13 14 15 16 17 18 19 20 21 22 23 24 25 26 27 |
---------------+----------------------------------------------------------------------------------+-----
Unarmed Combat | 1 2 3 4 6 7 9 10 11 12 13 14 15 17 18 19 20 21 22 | 22.2
Fighting       | 2 4 5 7 8 9 11 12 13 14 15 | 15.0
Throwing       | 3 4 6 7 8 10 12 14 15 | 15.0
Earth Magic    | 3 |  3.0
Dodging        | 3 4 6 8 |  8.0
Stealth        | 2 |  2.0
Spellcasting   | 2 4 6 7 8 9 10 | 10.0
Invocations    | 2 4 6 7 10 11 12 | 12.0
Shields        | 2 5 8 12 14 15 | 15.0
Evocations     | 2 7 10 11 12 | 12.0
Armour         | 3 4 6 10 12 13 | 13.6
Air Magic      | 1 3 4 5 |  5.0
Necromancy     | 1 2 |  2.0
Charms         | 3 6 7 8 9 10 11 | 11.3
Translocations | 3 4 5 |  5.0
Summonings     | 2 |  2.0
Transmutations | 1 |  1.0

Action                   |  1- 3 |  4- 6 |  7- 9 | 10-12 | 13-15 | 16-18 | 19-21 | 22-24 | 25-27 || total
-------------------------+-------+-------+-------+-------+-------+-------+-------+-------+-------++-------
Melee: Unarmed           |   113 |   201 |   307 |   833 |  1703 |  2278 |  2357 |  1811 |  1299 || 10902
 Fire: Blowgun           |       |       |       |       |       |     2 |       |       |       ||     2
Throw: Javelin           |       |       |       |     6 |    52 |    26 |     7 |       |       ||    91
       Large rock        |       |       |       |       |    21 |    90 |    36 |   225 |    85 ||   457
       Throwing net      |       |       |       |       |       |       |       |       |    16 ||    16
 Cast: Repel Missiles    |       |       |     1 |       |       |       |     1 |     6 |     3 ||    11
       Regeneration      |       |       |       |       |       |       |       |     9 |    19 ||    28
       Blink             |       |       |       |       |       |       |       |       |     2 ||     2
       Apportation       |       |       |       |       |       |       |       |       |     1 ||     1
Invok: Heroism           |       |       |       |     3 |     7 |     2 |     5 |     8 |     9 ||    34
       Finesse           |       |       |       |       |       |       |       |     2 |     3 ||     5
 Abil: Evoke Invisibilit |       |       |       |       |       |     7 |    11 |     1 |     6 ||    25
       Evoke Flight      |       |       |       |       |       |     2 |       |     3 |       ||     5
       Turn Visible      |       |       |       |       |       |     4 |     3 |       |     4 ||    11
       Stop Flying       |       |       |       |       |       |       |       |     2 |       ||     2
Evoke: Wand              |       |       |       |    14 |    16 |    15 |    32 |    11 |    29 ||   117
       Sack of spiders   |       |       |       |       |       |       |       |     4 |     7 ||    11
       Fan of gales      |       |       |       |       |       |       |       |     1 |       ||     1
       Phial of floods   |       |       |       |       |       |       |       |     1 |       ||     1
       Box of beasts     |       |       |       |       |       |       |       |       |     1 ||     1
  Use: Potion            |     1 |       |       |     7 |     7 |     8 |     1 |     4 |    13 ||    41
       Scroll            |       |     8 |     5 |    11 |    14 |    22 |    23 |    22 |    15 ||   120
 Stab: Sleeping          |     3 |    10 |    13 |     6 |       |       |       |       |       ||    32
       Distracted        |       |     1 |       |       |       |       |       |     1 |     1 ||     3
       Paralysed         |       |       |       |    13 |     2 |     4 |    16 |       |     1 ||    36
       Invisible         |       |       |       |     4 |       |    40 |    48 |     6 |    31 ||   129
       Held in net/web   |       |       |       |       |       |       |     1 |       |     6 ||     7
  Eat: Chunk             |    17 |    19 |    44 |    61 |   107 |   128 |   116 |   105 |    46 ||   643
       Pizza             |       |       |       |       |       |     2 |     2 |     1 |       ||     5
       Royal jelly       |       |       |       |       |       |     4 |     5 |       |     8 ||    17
       Fruit             |       |       |       |       |       |       |       |       |     2 ||     2
       Meat ration       |       |       |       |       |       |       |       |       |     1 ||     1
